Phantoms vs Senators

Created - Monday, November 03, 2014 at 22:18

Goals
1 2 3 T
Phantoms 0 0 0 0
Senators 1 0 0 1
Shots
1 2 3 T
Phantoms 7 11 8 26
Senators 16 6 9 31

1st period

1. Senators , Colton Orr 1 (Martin St. Pierre) at 9:15 (PP)

Penalties :
Mike Brown (BIN) for Fighting (Major) at 0:13, Garnet Exelby (ADR) for Fighting (Major) at 0:13, Andrew MacWilliam (BIN) for Fighting (Major) at 1:12, Martin Gernat (ADR) for Fighting (Major) at 1:12, Andrew MacWilliam (BIN) for instigated a fight (Minor) at 1:12, Andrew MacWilliam (BIN) for instigated a fight (10 Minutes Misconduct) at 1:12, Zack Stortini (ADR) for Tripping (Minor) at 1:47, Mike Brown (BIN) for Fighting (Major) at 7:13, Martin Gernat (ADR) for Fighting (Major) at 7:13, Keegan Lowe (ADR) for Interference (Minor) at 8:54, Colton Orr (BIN) for Fighting (Major) at 10:20, Keegan Lowe (ADR) for Fighting (Major) at 10:20, Colton Orr (BIN) for instigated a fight (Minor) at 10:20, Colton Orr (BIN) for instigated a fight (10 Minutes Misconduct) at 10:20, Chris Langkow (ADR) for Roughing (Minor) at 12:50, Keegan Lowe (ADR) for Roughing (Minor) at 16:51

2nd period

No Goal

Penalties :
Dmitrij Jaskin (ADR) for Hooking (Minor) at 4:21, John Scott (BIN) for Hooking (Minor) at 11:46, Andrew MacWilliam (BIN) for Fighting (Major) at 17:33, Zack Stortini (ADR) for Fighting (Major) at 17:33, Mike Brown (BIN) for Fighting (Major / Game Misconduct) at 19:45, Garnet Exelby (ADR) for Fighting (Major) at 19:45

3rd period

No Goal

Penalties :
Martin Gernat (ADR) for Hooking (Minor) at 7:10, Garnet Exelby (ADR) for Slashing (Minor) at 11:30, Alex Petrovic (BIN) for Fighting (Major) at 14:33, Zack Stortini (ADR) for Fighting (Major) at 14:33, Joe Finley (BIN) for Fighting (Major) at 15:37, Garnet Exelby (ADR) for Fighting (Major / Game Misconduct) at 15:37

Goalie Stats

Devan Dubnyk (ADR), 30 saves from 31 shots - (0.968), L, 5-3-7, 59:34 minutes
Cedrick Desjardins (BIN), 26 saves from 26 shots - (1.000), W, 1-1-0, 60:00 minutes

Players Stats for Phantoms

Player Name              G  A  P  +/- PIM S  H  SB GA TA FO     MP     PP MP  PK MP  
------------------------------------------------------------------------------------
Adam Lowry               0  0  0   0  0   5  2  2  1  2  8/16   25:21   2:37   6:52 
Chris Langkow            0  0  0   0  2   1  0  1  1  1  5/10   17:51   0:00   0:29 
Denver Manderson         0  0  0   0  0   2  1  1  1  0  1/2    13:15   0:00   0:00 
Dmitrij Jaskin           0  0  0   0  2   0  1  0  2  1  3/16   24:07   2:37   5:15 
Garnet Exelby            0  0  0   0  27  3  1  1  1  2  0/0    15:55   1:56   3:49 
Garrett Wilson           0  0  0   0  0   1  0  1  3  1  0/1    15:40   1:56   0:13 
Greg Zanon               0  0  0   0  0   4  0  7  0  1  0/0    23:02   2:08   6:44 
Harri Pesonen            0  0  0   0  0   1  3  0  1  1  1/2    18:43   2:37   3:19 
Jerome Gauthier-Leduc    0  0  0   0  0   1  0  1  0  2  0/0    19:06   1:26   0:17 
Jonathan Hazen           0  0  0   0  0   0  0  1  0  0  1/3    13:15   0:00   0:00 
Josh Lunden              0  0  0   0  0   1  1  0  0  0  0/1     5:23   0:00   2:15 
Keegan Lowe              0  0  0   0  9   1  0  1  1  0  0/0    14:21   0:00   1:30 
Mark Van Guilder         0  0  0   0  0   3  4  0  2  0  5/12   20:22   1:56   3:19 
Martin Gernat            0  0  0   0  12  2  0  0  2  0  0/0    14:53   1:11   2:55 
Randy Jones              0  0  0   0  0   0  1  2  2  0  0/0    26:47   2:25   4:07 
Steve MacIntyre          0  0  0   0  0   0  0  0  0  0  0/0     0:00   0:00   0:00 
Zack FitzGerald          0  0  0   0  0   0  2  0  0  0  0/0     6:22   0:00   2:20 
Zack Stortini            0  0  0   0  12  1  1  0  0  0  0/0    13:02   1:55   0:00 

Players Stats for Senators

Player Name              G  A  P  +/- PIM S  H  SB GA TA FO     MP     PP MP  PK MP  
------------------------------------------------------------------------------------
Alex Petrovic            0  0  0   0  5   0  1  1  1  2  0/0    12:39   0:00   0:00 
Andrew MacWilliam        0  0  0   0  22  0  0  0  0  0  0/0     9:37   0:00   0:00 
Brad Ross                0  0  0   0  0   2  1  0  2  0  1/1    10:53   0:00   0:00 
Colton Orr               1  0  1   0  17  4  3  0  0  1  1/2    15:31   2:35   1:56 
Daine Todd               0  0  0   0  0   0  0  0  0  0  1/1     2:43   0:02   0:00 
David Broll              0  0  0   0  0   0  1  0  0  1  4/8    19:29   4:35   1:40 
Evan Trupp               0  0  0   0  0   0  0  0  0  1  2/7    12:58   0:47   1:57 
Greg Pateryn             0  0  0   0  0   2  3  1  0  1  0/0    21:18   4:56   2:36 
Joe Finley               0  0  0   0  5   1  0  0  0  0  0/0     7:36   0:00   0:00 
John Scott               0  0  0   0  2   0  1  1  0  0  0/0    26:35   5:55   1:57 
Josh Leivo               0  0  0   0  0   9  3  0  7  0  2/2    22:00   5:07   0:57 
Kenny Ryan               0  0  0   0  0   3  0  1  3  0  2/3    19:47   4:56   0:00 
Korbinian Holzer         0  0  0   0  0   0  1  1  0  1  0/0    21:18   4:56   2:36 
Kyle Beach               0  0  0   0  0   0  0  0  0  0  0/0    13:03   1:02   0:00 
Martin St. Pierre        0  1  1   0  0   4  0  1  6  0  11/18  20:42   6:15   1:29 
Mike Brown               0  0  0   0  25  1  3  0  3  0  4/6    12:50   2:57   1:11 
Steve Eminger            0  0  0   0  0   4  1  1  1  3  0/0    21:36   5:55   1:57 
Tyler Biggs              0  0  0   0  0   1  1  1  0  1  11/15  23:18   4:17   0:00 

3 Stars

1 - Cedrick Desjardins (BIN)
2 - Devan Dubnyk (ADR)
3 - Martin St. Pierre (BIN)

Power Play

Phantoms - 0 on 3 Attempt(s) - 0.00%
Senators - 1 on 7 Attempt(s) - 14.29%

Penalty Kill

Phantoms - 6 on 7 Attempt(s) - 85.71% - Score 0 goal in Penalty Kill
Senators - 3 on 3 Attempt(s) - 100.00% - Score 0 goal in Penalty Kill

Official

Referees : Unknown
Linesman : Unknown

Game Notes

Mike Brown and Garnet Exelby fight to a draw at 0:13 of 1st period
Andrew MacWilliam and Martin Gernat fight to a draw at 1:12 of 1st period
Mike Brown beats up Martin Gernat at 7:13 of 1st period
Daine Todd is injured at 10:11 of 1st period (Strained Back)
Colton Orr beats up Keegan Lowe at 10:20 of 1st period
Andrew MacWilliam and Zack Stortini fight to a draw at 17:33 of 2nd period
Mike Brown beats up Garnet Exelby at 19:45 of 2nd period
Mike Brown ejected from game at 19:45 of 2nd period
Alex Petrovic and Zack Stortini fight to a draw at 14:33 of 3rd period
Joe Finley and Garnet Exelby fight to a draw at 15:37 of 3rd period
Garnet Exelby ejected from game at 15:37 of 3rd period

Finance

Level 1 -- Attendance: 1452 (72.60%) -- Ticket Income $50,820
Level 2 -- Attendance: 678 (67.80%) -- Ticket Income $10,170
Total Attendance: 2130 (71.00%)
Total Ticket Income: $60,990
Other Income: $29,885
Total Income: $90,875

Phantoms

5 vs 5 Forward 
   Center                   Left Wing                Right Wing               Time % Phy DF OF 
 1 Adam Lowry               Dmitrij Jaskin           Harri Pesonen            35     1   2  2  
 2 Mark Van Guilder         Garrett Wilson           Zack Stortini            30     1   2  2  
 3 Chris Langkow            Denver Manderson         Jonathan Hazen           22     1   2  2  
 4 Dmitrij Jaskin           Josh Lunden              Adam Lowry               13     1   2  2  

5 vs 5 Defense 
   Defense                  Defense                                           Time % Phy DF OF 
 1 Randy Jones              Garnet Exelby                                     35     1   2  2  
 2 Greg Zanon               Martin Gernat                                     30     1   2  2  
 3 Jerome Gauthier-Leduc    Keegan Lowe                                       22     1   2  2  
 4 Zack FitzGerald          Randy Jones                                       13     1   2  2  

PowerPlay Forward 
   Center                   Left Wing                Right Wing               Time % Phy DF OF 
 1 Adam Lowry               Dmitrij Jaskin           Harri Pesonen            60     1   2  2  
 2 Mark Van Guilder         Garrett Wilson           Zack Stortini            40     1   2  2  

PowerPlay Defense
   Defense                  Defense                                           Time % Phy DF OF 
 1 Randy Jones              Garnet Exelby                                     60     1   2  2  
 2 Greg Zanon               Martin Gernat                                     40     1   2  2  

Penalty Kill 4 Players Forward 
   Center                   Wing                     Time % Phy DF OF 
 1 Dmitrij Jaskin           Adam Lowry               60     1   2  2  
 2 Harri Pesonen            Mark Van Guilder         40     1   2  2  

Penalty Kill 4 Players Defense
   Defense                  Defense                  Time % Phy DF OF 
 1 Randy Jones              Garnet Exelby            60     1   2  2  
 2 Greg Zanon               Martin Gernat            40     1   2  2  

Penalty Kill - 3 Players Forward 
   Forward                                           Time % Phy DF OF 
 1 Dmitrij Jaskin                                    60     1   2  2  
 2 Adam Lowry                                        40     1   2  2  

Penalty Kill - 3 Players Defense
   Defense                  Defense                  Time % Phy DF OF 
 1 Randy Jones              Garnet Exelby            60     1   2  2  
 2 Greg Zanon               Martin Gernat            40     1   2  2  

4 vs 4 Forward 
   Center                   Wing                     Time % Phy DF OF 
 1 Dmitrij Jaskin           Adam Lowry               60     1   2  2  
 2 Harri Pesonen            Mark Van Guilder         40     1   2  2  

4 vs 4 Defense
   Defense                  Defense                  Time % Phy DF OF 
 1 Randy Jones              Garnet Exelby            60     1   2  2  
 2 Greg Zanon               Martin Gernat            40     1   2  2  

Last Minutes Offensive
   Center                   Left Wing                Right Wing               Defense                  Defense                  
   Adam Lowry               Dmitrij Jaskin           Harri Pesonen            Randy Jones              Garnet Exelby            

Last Minutes Defensive
   Center                   Left Wing                Right Wing               Defense                  Defense                  
   Adam Lowry               Dmitrij Jaskin           Harri Pesonen            Randy Jones              Garnet Exelby            

Goaltenders
Starting : Devan Dubnyk             
Backup : Marek Mazanec            

Extra Forwards
Normal : Chris Langkow, Denver Manderson, Josh Lunden - PP : Chris Langkow, Denver Manderson - PK : Josh Lunden
Extra Defensemen
Normal : Jerome Gauthier-Leduc, Keegan Lowe, Zack FitzGerald - PP : Jerome Gauthier-Leduc - PK : Keegan Lowe, Zack FitzGerald
Penalty Shots
Dmitrij Jaskin, Adam Lowry, Harri Pesonen, Mark Van Guilder, Zack Stortini

Senators

5 vs 5 Forward 
   Center                   Left Wing                Right Wing               Time % Phy DF OF 
 1 Martin St. Pierre        Mike Brown               Colton Orr               35     1   2  2  
 2 Daine Todd               Josh Leivo               Kenny Ryan               30     1   2  2  
 3 Evan Trupp               David Broll              Tyler Biggs              22     1   2  2  
 4 Mike Brown               Brad Ross                Kyle Beach               13     1   2  2  

5 vs 5 Defense 
   Defense                  Defense                                           Time % Phy DF OF 
 1 John Scott               Steve Eminger                                     35     1   2  2  
 2 Korbinian Holzer         Greg Pateryn                                      30     1   2  2  
 3 Alex Petrovic            Andrew MacWilliam                                 22     1   2  2  
 4 Joe Finley               John Scott                                        13     1   2  2  

PowerPlay Forward 
   Center                   Left Wing                Right Wing               Time % Phy DF OF 
 1 Martin St. Pierre        Mike Brown               Colton Orr               60     1   2  2  
 2 Daine Todd               Josh Leivo               Kenny Ryan               40     1   2  2  

PowerPlay Defense
   Defense                  Defense                                           Time % Phy DF OF 
 1 John Scott               Steve Eminger                                     60     1   2  2  
 2 Korbinian Holzer         Greg Pateryn                                      40     1   2  2  

Penalty Kill 4 Players Forward 
   Center                   Wing                     Time % Phy DF OF 
 1 Mike Brown               Colton Orr               60     1   2  2  
 2 Josh Leivo               Martin St. Pierre        40     1   2  2  

Penalty Kill 4 Players Defense
   Defense                  Defense                  Time % Phy DF OF 
 1 John Scott               Steve Eminger            60     1   2  2  
 2 Korbinian Holzer         Greg Pateryn             40     1   2  2  

Penalty Kill - 3 Players Forward 
   Forward                                           Time % Phy DF OF 
 1 Mike Brown                                        60     1   2  2  
 2 Colton Orr                                        40     1   2  2  

Penalty Kill - 3 Players Defense
   Defense                  Defense                  Time % Phy DF OF 
 1 John Scott               Steve Eminger            60     1   2  2  
 2 Korbinian Holzer         Greg Pateryn             40     1   2  2  

4 vs 4 Forward 
   Center                   Wing                     Time % Phy DF OF 
 1 Mike Brown               Colton Orr               60     1   2  2  
 2 Josh Leivo               Martin St. Pierre        40     1   2  2  

4 vs 4 Defense
   Defense                  Defense                  Time % Phy DF OF 
 1 John Scott               Steve Eminger            60     1   2  2  
 2 Korbinian Holzer         Greg Pateryn             40     1   2  2  

Last Minutes Offensive
   Center                   Left Wing                Right Wing               Defense                  Defense                  
   Martin St. Pierre        Mike Brown               Colton Orr               John Scott               Steve Eminger            

Last Minutes Defensive
   Center                   Left Wing                Right Wing               Defense                  Defense                  
   Martin St. Pierre        Mike Brown               Colton Orr               John Scott               Steve Eminger            

Goaltenders
Starting : Cedrick Desjardins       
Backup : Kent Simpson             

Extra Forwards
Normal : Tyler Biggs, David Broll, Evan Trupp - PP : Tyler Biggs, David Broll - PK : Evan Trupp
Extra Defensemen
Normal : Alex Petrovic, Andrew MacWilliam, Joe Finley - PP : Alex Petrovic - PK : Andrew MacWilliam, Joe Finley
Penalty Shots
John Scott, Mike Brown, Colton Orr, Josh Leivo, Martin St. Pierre

% Time on Ice - Phantoms

Lines # - Real PCT - Wanted PCT - Time Play
Normal Forward
1 - 28% - 35% - 11:49
2 - 34% - 30% - 14:34
3 - 31% - 22% - 13:15
4 - 7% - 13% - 2:47
Normal Defense
1 - 37% - 35% - 15:43
2 - 31% - 30% - 13:05
3 - 24% - 22% - 10:10
4 - 8% - 13% - 3:27
PP Forward
1 - 58% - 60% - 2:37
2 - 42% - 40% - 1:56
PP Defense
1 - 53% - 60% - 2:25
2 - 47% - 40% - 2:08
PK Forward
1 - 69% - 60% - 7:32
2 - 31% - 40% - 3:19
PK Defense
1 - 56% - 60% - 6:06
2 - 44% - 40% - 4:45
PK3 Forward
1 - 0% - 60%
2 - 0% - 40%
PK3 Defense
1 - 0% - 60%
2 - 0% - 40%
44 Forward
1 - 60% - 60% - 0:50
2 - 40% - 40% - 0:34
44 Defense
1 - 60% - 60% - 0:50
2 - 40% - 40% - 0:34
Last Minute Offensive  - 0:47
Last Minute Defensive  - 0:00
Total
Forward - 60:00
Defense - 60:00

% Time on Ice - Senators

Lines # - Real PCT - Wanted PCT - Time Play
Normal Forward
1 - 28% - 35% - 12:00
2 - 35% - 30% - 14:52
3 - 11% - 22% - 4:48
4 - 26% - 13% - 10:53
Normal Defense
1 - 30% - 35% - 12:43
2 - 31% - 30% - 13:12
3 - 32% - 22% - 13:36
4 - 7% - 13% - 3:02
PP Forward
1 - 53% - 60% - 5:44
2 - 47% - 40% - 5:07
PP Defense
1 - 55% - 60% - 5:55
2 - 45% - 40% - 4:56
PK Forward
1 - 86% - 60% - 3:55
2 - 14% - 40% - 0:38
PK Defense
1 - 43% - 60% - 1:57
2 - 57% - 40% - 2:36
PK3 Forward
1 - 0% - 60%
2 - 0% - 40%
PK3 Defense
1 - 0% - 60%
2 - 0% - 40%
44 Forward
1 - 60% - 60% - 0:50
2 - 40% - 40% - 0:34
44 Defense
1 - 60% - 60% - 0:50
2 - 40% - 40% - 0:34
Last Minute Offensive  - 0:00
Last Minute Defensive  - 0:39
Total
Forward - 60:00
Defense - 60:00

Play by Play

1st period


0:01 of 1st period - Martin St. Pierre wins face-off versus Adam Lowry in neutral zone.
0:13 of 1st period - Mike Brown and Garnet Exelby fight to a draw.
0:13 of 1st period - Penalty to Mike Brown for Fighting.
0:13 of 1st period - Penalty to Garnet Exelby for Fighting.
0:14 of 1st period - Daine Todd wins face-off versus Mark Van Guilder in Phantoms zone.
0:29 of 1st period - Wrist shot by Josh Leivo.
0:29 of 1st period - Stopped by Devan Dubnyk with a rebound.
0:31 of 1st period - Snap shot by Korbinian Holzer.
0:31 of 1st period - Deflect By Kenny Ryan.
0:31 of 1st period - Deflect By Greg Zanon.
0:31 of 1st period - Stopped by Devan Dubnyk with a rebound.
0:49 of 1st period - Snap shot by Josh Leivo.
0:49 of 1st period - Stopped by Devan Dubnyk with a rebound.
0:51 of 1st period - Slapshot by Korbinian Holzer.
0:51 of 1st period - Shot Blocked by Greg Zanon.
1:12 of 1st period - Andrew MacWilliam and Martin Gernat fight to a draw.
1:12 of 1st period - Penalty to Andrew MacWilliam for Fighting.
1:12 of 1st period - Penalty to Martin Gernat for Fighting.
1:12 of 1st period - Penalty to Andrew MacWilliam for instigated a fight.
1:12 of 1st period - Penalty to Andrew MacWilliam for instigated a fight.
1:13 of 1st period - Adam Lowry wins face-off versus Evan Trupp in Phantoms zone.
1:18 of 1st period - Colton Orr is hit by Harri Pesonen and loses puck.
1:29 of 1st period - Wrist shot by Adam Lowry.
1:29 of 1st period - Shot Blocked by John Scott.
1:35 of 1st period - Wrist shot by Adam Lowry.
1:35 of 1st period - Shot Misses the Net.
1:37 of 1st period - Slapshot by Jerome Gauthier-Leduc.
1:37 of 1st period - Shot Misses the Net.
1:41 of 1st period - Slapshot by Adam Lowry.
1:41 of 1st period - Stopped by Cedrick Desjardins without a rebound.
1:42 of 1st period - Josh Leivo wins face-off versus Garrett Wilson in Senators zone.
1:47 of 1st period - Minor Penalty to Zack Stortini for Tripping.
1:48 of 1st period - Tyler Biggs wins face-off versus Dmitrij Jaskin in Phantoms zone.
1:53 of 1st period - Slapshot by Steve Eminger.
1:53 of 1st period - Stopped by Devan Dubnyk without a rebound.
1:54 of 1st period - Tyler Biggs wins face-off versus Dmitrij Jaskin in Phantoms zone.
2:05 of 1st period - Slapshot by Colton Orr.
2:05 of 1st period - Stopped by Devan Dubnyk without a rebound.
2:06 of 1st period - Tyler Biggs wins face-off versus Dmitrij Jaskin in Phantoms zone.
2:29 of 1st period - Wrist shot by Colton Orr.
2:29 of 1st period - Shot Blocked by Jerome Gauthier-Leduc.
2:31 of 1st period - Wrist shot by Colton Orr.
2:31 of 1st period - Deflect By Tyler Biggs.
2:31 of 1st period - Stopped by Devan Dubnyk with a rebound.
2:37 of 1st period - Slapshot by Steve Eminger.
2:37 of 1st period - Stopped by Devan Dubnyk without a rebound.
2:38 of 1st period - Josh Leivo wins face-off versus Harri Pesonen in Phantoms zone.
3:12 of 1st period - Penalty to Andrew MacWilliam is over, Tyler Biggs is send on ice.
3:38 of 1st period - Adam Lowry is hit by Tyler Biggs and loses puck.
3:47 of 1st period - Penalty to Zack Stortini is over, Zack Stortini is back on ice.
4:01 of 1st period - Snap shot by Josh Leivo.
4:01 of 1st period - Shot Misses the Net.
4:03 of 1st period - Slapshot by Steve Eminger.
4:03 of 1st period - Shot Blocked by Randy Jones.
4:05 of 1st period - Snap shot by Josh Leivo.
4:05 of 1st period - Shot Misses the Net.
4:28 of 1st period - Slapshot by Steve Eminger.
4:28 of 1st period - Stopped by Devan Dubnyk with a rebound.
4:30 of 1st period - Snap shot by Kyle Beach.
4:30 of 1st period - Shot Blocked by Keegan Lowe.
4:32 of 1st period - Slapshot by Alex Petrovic.
4:32 of 1st period - Shot Misses the Net.
4:34 of 1st period - Slapshot by Joe Finley.
4:34 of 1st period - Stopped by Devan Dubnyk without a rebound.
4:35 of 1st period - Chris Langkow wins face-off versus Tyler Biggs in Phantoms zone.
4:48 of 1st period - Slapshot by Greg Zanon.
4:48 of 1st period - Stopped by Cedrick Desjardins with a rebound.
5:10 of 1st period - Slapshot by Martin St. Pierre.
5:10 of 1st period - Shot Misses the Net.
5:12 of 1st period - Snap shot by Martin St. Pierre.
5:12 of 1st period - Stopped by Devan Dubnyk with a rebound.
5:43 of 1st period - Josh Leivo is hit by Mark Van Guilder and loses puck.
5:54 of 1st period - Greg Pateryn is hit by Mark Van Guilder and loses puck.
6:01 of 1st period - Garrett Wilson is hit by Korbinian Holzer and loses puck.
7:13 of 1st period - Mike Brown beats up Martin Gernat.
7:13 of 1st period - Penalty to Mike Brown for Fighting.
7:13 of 1st period - Penalty to Martin Gernat for Fighting.
7:14 of 1st period - Chris Langkow wins face-off versus Martin St. Pierre in Senators zone.
7:23 of 1st period - Wrist shot by Greg Zanon.
7:23 of 1st period - Stopped by Cedrick Desjardins with a rebound.
7:25 of 1st period - Slapshot by Greg Zanon.
7:25 of 1st period - Shot Blocked by Alex Petrovic.
7:27 of 1st period - Slapshot by Greg Zanon.
7:27 of 1st period - Stopped by Cedrick Desjardins with a rebound.
8:03 of 1st period - Adam Lowry is hit by Josh Leivo and loses puck.
8:08 of 1st period - Wrist shot by Josh Leivo.
8:08 of 1st period - Deflect By Kenny Ryan.
8:08 of 1st period - Stopped by Devan Dubnyk with a rebound.
8:10 of 1st period - Slapshot by Greg Pateryn.
8:10 of 1st period - Stopped by Devan Dubnyk with a rebound.
8:12 of 1st period - Snap shot by Daine Todd.
8:12 of 1st period - Shot Blocked by Adam Lowry.
8:46 of 1st period - Greg Pateryn is hit by Mark Van Guilder.
8:54 of 1st period - Minor Penalty to Keegan Lowe for Interference.
8:55 of 1st period - Martin St. Pierre wins face-off versus Dmitrij Jaskin in Phantoms zone.
9:15 of 1st period - Snap shot by Colton Orr.
9:15 of 1st period - Goal by Colton Orr - Phantoms : 0 - Senators : 1.
9:16 of 1st period - Chris Langkow wins face-off versus Martin St. Pierre in neutral zone.
10:10 of 1st period - Daine Todd is hit by Zack Stortini and loses puck.
10:11 of 1st period - Daine Todd from Senators is injured at 10:11 of 1st period (Strained Back).
10:12 of 1st period - Adam Lowry wins face-off versus Martin St. Pierre in Senators zone.
10:20 of 1st period - Colton Orr beats up Keegan Lowe.
10:20 of 1st period - Penalty to Colton Orr for Fighting.
10:20 of 1st period - Penalty to Keegan Lowe for Fighting.
10:20 of 1st period - Penalty to Colton Orr for instigated a fight.
10:20 of 1st period - Penalty to Colton Orr for instigated a fight.
10:21 of 1st period - Adam Lowry wins face-off versus Evan Trupp in Senators zone.
10:30 of 1st period - Backhand shot by Garnet Exelby.
10:30 of 1st period - Stopped by Cedrick Desjardins without a rebound.
10:31 of 1st period - Adam Lowry wins face-off versus Evan Trupp in Senators zone.
10:34 of 1st period - Snap shot by Harri Pesonen.
10:34 of 1st period - Shot Hit the Post.
12:13 of 1st period - Penalty to Mike Brown is over, Mike Brown is back on ice.
12:20 of 1st period - Penalty to Colton Orr is over, Kyle Beach is send on ice.
12:50 of 1st period - Minor Penalty to Chris Langkow for Roughing.
12:51 of 1st period - Dmitrij Jaskin wins face-off versus Tyler Biggs in Phantoms zone.
12:59 of 1st period - Snap shot by Josh Leivo.
12:59 of 1st period - Shot Blocked by Adam Lowry.
13:19 of 1st period - Garnet Exelby is hit by Josh Leivo and loses puck.
13:32 of 1st period - Dmitrij Jaskin is hit by Steve Eminger and loses puck.
14:05 of 1st period - Slapshot by Martin St. Pierre.
14:05 of 1st period - Stopped by Devan Dubnyk without a rebound.
14:06 of 1st period - Martin St. Pierre wins face-off versus Dmitrij Jaskin in Phantoms zone.
14:09 of 1st period - Wrist shot by Mike Brown.
14:09 of 1st period - Stopped by Devan Dubnyk with a rebound.
14:11 of 1st period - Snap shot by Greg Pateryn.
14:11 of 1st period - Shot Blocked by Garnet Exelby.
14:50 of 1st period - Penalty to Chris Langkow is over, Chris Langkow is back on ice.
14:58 of 1st period - Chris Langkow is hit by Mike Brown and loses puck.
15:35 of 1st period - Josh Leivo is hit by Randy Jones.
15:43 of 1st period - Wrist shot by Josh Leivo.
15:43 of 1st period - Shot Blocked by Denver Manderson.
15:45 of 1st period - Slapshot by Kenny Ryan.
15:45 of 1st period - Stopped by Devan Dubnyk with a rebound.
15:47 of 1st period - Slapshot by Greg Pateryn.
15:47 of 1st period - Shot Blocked by Randy Jones.
16:05 of 1st period - Jerome Gauthier-Leduc is hit by Mike Brown.
16:12 of 1st period - 10 Minutes Misconduct Penalty to Andrew MacWilliam is over.
16:14 of 1st period - Off-side.
16:15 of 1st period - Tyler Biggs wins face-off versus Mark Van Guilder in neutral zone.
16:26 of 1st period - Snap shot by Mark Van Guilder.
16:26 of 1st period - Stopped by Cedrick Desjardins without a rebound.
16:27 of 1st period - Tyler Biggs wins face-off versus Chris Langkow in Senators zone.
16:35 of 1st period - Icing by Alex Petrovic.
16:36 of 1st period - Denver Manderson wins face-off versus Tyler Biggs in Senators zone.
16:41 of 1st period - Wrist shot by Chris Langkow.
16:41 of 1st period - Shot Blocked by Tyler Biggs.
16:51 of 1st period - Minor Penalty to Keegan Lowe for Roughing.
16:52 of 1st period - Dmitrij Jaskin wins face-off versus Martin St. Pierre in Phantoms zone.
16:52 of 1st period - Dmitrij Jaskin is hit by John Scott.
17:41 of 1st period - Snap shot by Dmitrij Jaskin.
17:41 of 1st period - Shot Misses the Net.
18:15 of 1st period - Greg Pateryn is hit by Mark Van Guilder and loses puck.
18:24 of 1st period - Slapshot by Harri Pesonen.
18:24 of 1st period - Shot Blocked by Greg Pateryn.
18:51 of 1st period - Penalty to Keegan Lowe is over, Keegan Lowe is back on ice.
19:40 of 1st period - Snap shot by Denver Manderson.
19:40 of 1st period - Stopped by Cedrick Desjardins without a rebound.
19:41 of 1st period - Mike Brown wins face-off versus Mark Van Guilder in Senators zone.
Goals for this period are 0 for Phantoms vs 1 for Senators.
Shots for this period are 7 for Phantoms vs 16 for Senators.

2nd period


0:01 of 2nd period - Adam Lowry wins face-off versus Martin St. Pierre in neutral zone.
0:31 of 2nd period - Snap shot by Martin St. Pierre.
0:31 of 2nd period - Deflect By Mike Brown.
0:31 of 2nd period - Shot Blocked by Greg Zanon.
0:31 of 2nd period - Puck is out of play.
0:32 of 2nd period - Mark Van Guilder wins face-off versus Tyler Biggs in Phantoms zone.
0:37 of 2nd period - Slapshot by Garnet Exelby.
0:37 of 2nd period - Shot Misses the Net.
1:17 of 2nd period - Wrist shot by Martin St. Pierre.
1:17 of 2nd period - Stopped by Devan Dubnyk without a rebound.
1:18 of 2nd period - Martin St. Pierre wins face-off versus Adam Lowry in Phantoms zone.
1:52 of 2nd period - Slapshot by Steve Eminger.
1:52 of 2nd period - Shot Blocked by Greg Zanon.
1:54 of 2nd period - Snap shot by Josh Leivo.
1:54 of 2nd period - Deflect By Kenny Ryan.
1:54 of 2nd period - Shot Misses the Net.
1:54 of 2nd period - Puck is out of play.
1:55 of 2nd period - Kenny Ryan wins face-off versus Chris Langkow in Phantoms zone.
2:43 of 2nd period - Snap shot by Zack Stortini.
2:43 of 2nd period - Shot Misses the Net.
2:48 of 2nd period - Snap shot by Mark Van Guilder.
2:48 of 2nd period - Shot Hit the Post.
3:25 of 2nd period - Icing by John Scott.
3:26 of 2nd period - David Broll wins face-off versus Dmitrij Jaskin in Senators zone.
3:39 of 2nd period - Wrist shot by Josh Leivo.
3:39 of 2nd period - Stopped by Devan Dubnyk without a rebound.
3:40 of 2nd period - Evan Trupp wins face-off versus Dmitrij Jaskin in Phantoms zone.
3:43 of 2nd period - Snap shot by Evan Trupp.
3:43 of 2nd period - Shot Misses the Net.
3:45 of 2nd period - Snap shot by Evan Trupp.
3:45 of 2nd period - Shot Blocked by Greg Zanon.
3:47 of 2nd period - Slapshot by Greg Pateryn.
3:47 of 2nd period - Stopped by Devan Dubnyk without a rebound.
3:48 of 2nd period - Tyler Biggs wins face-off versus Dmitrij Jaskin in Phantoms zone.
4:00 of 2nd period - Icing by Greg Zanon.
4:01 of 2nd period - Tyler Biggs wins face-off versus Dmitrij Jaskin in Phantoms zone.
4:04 of 2nd period - Wrist shot by Josh Leivo.
4:04 of 2nd period - Shot Misses the Net.
4:10 of 2nd period - Slapshot by Martin Gernat.
4:10 of 2nd period - Shot Blocked by Steve Eminger.
4:21 of 2nd period - Minor Penalty to Dmitrij Jaskin for Hooking.
4:22 of 2nd period - Martin St. Pierre wins face-off versus Josh Lunden in Phantoms zone.
4:33 of 2nd period - Wrist shot by Mike Brown.
4:33 of 2nd period - Shot Misses the Net.
5:00 of 2nd period - Icing by Kenny Ryan.
5:01 of 2nd period - David Broll wins face-off versus Chris Langkow in Senators zone.
5:20 of 2nd period - 10 Minutes Misconduct Penalty to Colton Orr is over.
5:22 of 2nd period - Wrist shot by Adam Lowry.
5:22 of 2nd period - Stopped by Cedrick Desjardins with a rebound.
5:24 of 2nd period - Snap shot by Josh Lunden.
5:24 of 2nd period - Stopped by Cedrick Desjardins with a rebound.
5:26 of 2nd period - Snap shot by Josh Lunden.
5:26 of 2nd period - Shot Misses the Net.
5:47 of 2nd period - Icing by Josh Leivo.
5:48 of 2nd period - Harri Pesonen wins face-off versus David Broll in Senators zone.
5:53 of 2nd period - Slapshot by Mark Van Guilder.
5:53 of 2nd period - Stopped by Cedrick Desjardins with a rebound.
6:21 of 2nd period - Penalty to Dmitrij Jaskin is over, Dmitrij Jaskin is back on ice.
7:08 of 2nd period - Snap shot by Greg Zanon.
7:08 of 2nd period - Deflect By Denver Manderson.
7:08 of 2nd period - Shot Misses the Net.
7:08 of 2nd period - Puck is out of play.
7:09 of 2nd period - Mike Brown wins face-off versus Mark Van Guilder in Senators zone.
7:30 of 2nd period - Snap shot by Zack Stortini.
7:30 of 2nd period - Stopped by Cedrick Desjardins without a rebound.
7:31 of 2nd period - Tyler Biggs wins face-off versus Jonathan Hazen in Senators zone.
7:50 of 2nd period - Snap shot by Denver Manderson.
7:50 of 2nd period - Stopped by Cedrick Desjardins with a rebound.
8:21 of 2nd period - Jerome Gauthier-Leduc is hit by Colton Orr and loses puck.
8:27 of 2nd period - Off-side.
8:28 of 2nd period - Tyler Biggs wins face-off versus Dmitrij Jaskin in neutral zone.
9:11 of 2nd period - Snap shot by Zack Stortini.
9:11 of 2nd period - Shot Blocked by Korbinian Holzer.
10:01 of 2nd period - Wrist shot by Denver Manderson.
10:01 of 2nd period - Shot Misses the Net.
10:03 of 2nd period - Snap shot by Denver Manderson.
10:03 of 2nd period - Shot Misses the Net.
10:05 of 2nd period - Backhand shot by Martin Gernat.
10:05 of 2nd period - Stopped by Cedrick Desjardins with a rebound.
10:58 of 2nd period - Icing by Mike Brown.
10:59 of 2nd period - Mike Brown wins face-off versus Chris Langkow in Senators zone.
11:35 of 2nd period - John Scott is hit by Adam Lowry.
11:46 of 2nd period - Minor Penalty to John Scott for Hooking.
11:47 of 2nd period - Mike Brown wins face-off versus Adam Lowry in Senators zone.
11:55 of 2nd period - Snap shot by Dmitrij Jaskin.
11:55 of 2nd period - Deflect By Adam Lowry.
11:55 of 2nd period - Stopped by Cedrick Desjardins with a rebound.
11:57 of 2nd period - Slapshot by Martin Gernat.
11:57 of 2nd period - Stopped by Cedrick Desjardins without a rebound.
11:58 of 2nd period - Adam Lowry wins face-off versus Mike Brown in Senators zone.
13:46 of 2nd period - Penalty to John Scott is over, John Scott is back on ice.
14:07 of 2nd period - John Scott is hit by Adam Lowry and loses puck.
14:29 of 2nd period - Snap shot by Chris Langkow.
14:29 of 2nd period - Stopped by Cedrick Desjardins with a rebound.
14:31 of 2nd period - Backhand shot by Keegan Lowe.
14:31 of 2nd period - Stopped by Cedrick Desjardins without a rebound.
14:32 of 2nd period - Chris Langkow wins face-off versus Kenny Ryan in Senators zone.
14:41 of 2nd period - Slapshot by Alex Petrovic.
14:41 of 2nd period - Deflect By Josh Leivo.
14:41 of 2nd period - Stopped by Devan Dubnyk with a rebound.
14:43 of 2nd period - Snap shot by Josh Leivo.
14:43 of 2nd period - Stopped by Devan Dubnyk with a rebound.
14:45 of 2nd period - Wrist shot by Josh Leivo.
14:45 of 2nd period - Stopped by Devan Dubnyk with a rebound.
14:53 of 2nd period - Slapshot by Alex Petrovic.
14:53 of 2nd period - Shot Blocked by Jonathan Hazen.
14:55 of 2nd period - Slapshot by Alex Petrovic.
14:55 of 2nd period - Shot Misses the Net.
16:01 of 2nd period - Tyler Biggs is hit by Dmitrij Jaskin.
16:50 of 2nd period - Off-side.
16:51 of 2nd period - Mark Van Guilder wins face-off versus Mike Brown in neutral zone.
17:18 of 2nd period - Slapshot by Garnet Exelby.
17:18 of 2nd period - Stopped by Cedrick Desjardins with a rebound.
17:33 of 2nd period - Andrew MacWilliam and Zack Stortini fight to a draw.
17:33 of 2nd period - Penalty to Andrew MacWilliam for Fighting.
17:33 of 2nd period - Penalty to Zack Stortini for Fighting.
17:34 of 2nd period - Mark Van Guilder wins face-off versus Evan Trupp in Phantoms zone.
17:34 of 2nd period - Mark Van Guilder is hit by David Broll.
18:03 of 2nd period - Slapshot by Alex Petrovic.
18:03 of 2nd period - Deflect By Evan Trupp.
18:03 of 2nd period - Shot Misses the Net.
18:03 of 2nd period - Puck is out of play.
18:04 of 2nd period - Tyler Biggs wins face-off versus Dmitrij Jaskin in Phantoms zone.
18:17 of 2nd period - Korbinian Holzer is hit by Harri Pesonen and loses puck.
19:04 of 2nd period - Jerome Gauthier-Leduc is hit by Josh Leivo and loses puck.
19:35 of 2nd period - Garrett Wilson is hit by Mike Brown and loses puck.
19:45 of 2nd period - Mike Brown beats up Garnet Exelby.
19:45 of 2nd period - Penalty to Mike Brown for Fighting.
19:45 of 2nd period - Mike Brown is ejected from game.
19:45 of 2nd period - Penalty to Garnet Exelby for Fighting.
19:46 of 2nd period - Martin St. Pierre wins face-off versus Mark Van Guilder in Phantoms zone.
Goals for this period are 0 for Phantoms vs 0 for Senators.
Shots for this period are 11 for Phantoms vs 6 for Senators.

3rd period


0:01 of 3rd period - Martin St. Pierre wins face-off versus Adam Lowry in neutral zone.
0:16 of 3rd period - Snap shot by Adam Lowry.
0:16 of 3rd period - Stopped by Cedrick Desjardins without a rebound.
0:17 of 3rd period - Adam Lowry wins face-off versus Martin St. Pierre in Senators zone.
2:33 of 3rd period - Slapshot by Josh Leivo.
2:33 of 3rd period - Stopped by Devan Dubnyk without a rebound.
2:34 of 3rd period - Evan Trupp wins face-off versus Mark Van Guilder in Phantoms zone.
2:59 of 3rd period - Wrist shot by Zack Stortini.
2:59 of 3rd period - Shot Misses the Net.
3:45 of 3rd period - Snap shot by Dmitrij Jaskin.
3:45 of 3rd period - Deflect By Adam Lowry.
3:45 of 3rd period - Stopped by Cedrick Desjardins with a rebound.
4:28 of 3rd period - Denver Manderson is hit by Colton Orr.
4:33 of 3rd period - Off-side.
4:34 of 3rd period - Chris Langkow wins face-off versus Colton Orr in neutral zone.
4:38 of 3rd period - Off-side.
4:39 of 3rd period - Martin St. Pierre wins face-off versus Denver Manderson in neutral zone.
4:46 of 3rd period - Jerome Gauthier-Leduc is hit by Colton Orr and loses puck.
5:03 of 3rd period - Martin St. Pierre is hit by Denver Manderson and loses puck.
5:37 of 3rd period - Harri Pesonen is hit by Greg Pateryn and loses puck.
5:48 of 3rd period - Snap shot by Josh Leivo.
5:48 of 3rd period - Shot Misses the Net.
6:36 of 3rd period - Tyler Biggs is hit by Garnet Exelby and loses puck.
7:10 of 3rd period - Minor Penalty to Martin Gernat for Hooking.
7:11 of 3rd period - Tyler Biggs wins face-off versus Dmitrij Jaskin in Phantoms zone.
7:15 of 3rd period - Slapshot by Kenny Ryan.
7:15 of 3rd period - Shot Misses the Net.
8:28 of 3rd period - Randy Jones is hit by Greg Pateryn.
9:10 of 3rd period - Penalty to Martin Gernat is over, Martin Gernat is back on ice.
9:12 of 3rd period - Slapshot by Steve Eminger.
9:12 of 3rd period - Stopped by Devan Dubnyk with a rebound.
9:14 of 3rd period - Slapshot by Steve Eminger.
9:14 of 3rd period - Shot Misses the Net.
9:36 of 3rd period - Chris Langkow is hit by Brad Ross and loses puck.
9:43 of 3rd period - Snap shot by Evan Trupp.
9:43 of 3rd period - Shot Blocked by Greg Zanon.
9:45 of 3rd period - Snap shot by Brad Ross.
9:45 of 3rd period - Stopped by Devan Dubnyk with a rebound.
9:47 of 3rd period - Snap shot by Andrew MacWilliam.
9:47 of 3rd period - Shot Blocked by Chris Langkow.
9:49 of 3rd period - Slapshot by Alex Petrovic.
9:49 of 3rd period - Shot Misses the Net.
10:05 of 3rd period - Slapshot by Martin St. Pierre.
10:05 of 3rd period - Shot Misses the Net.
11:30 of 3rd period - Minor Penalty to Garnet Exelby for Slashing.
11:31 of 3rd period - Kenny Ryan wins face-off versus Dmitrij Jaskin in Phantoms zone.
11:34 of 3rd period - Snap shot by Josh Leivo.
11:34 of 3rd period - Stopped by Devan Dubnyk with a rebound.
11:36 of 3rd period - Snap shot by David Broll.
11:36 of 3rd period - Shot Misses the Net.
11:38 of 3rd period - Slapshot by Steve Eminger.
11:38 of 3rd period - Shot Blocked by Greg Zanon.
11:40 of 3rd period - Slapshot by Josh Leivo.
11:40 of 3rd period - Shot Blocked by Greg Zanon.
11:46 of 3rd period - Slapshot by Steve Eminger.
11:46 of 3rd period - Deflect By Josh Leivo.
11:46 of 3rd period - Stopped by Devan Dubnyk with a rebound.
11:48 of 3rd period - Slapshot by John Scott.
11:48 of 3rd period - Deflect By Josh Leivo.
11:48 of 3rd period - Shot Misses the Net.
11:48 of 3rd period - Puck is out of play.
11:49 of 3rd period - Dmitrij Jaskin wins face-off versus David Broll in Phantoms zone.
12:00 of 3rd period - Colton Orr is hit by Zack FitzGerald and loses puck.
12:53 of 3rd period - Slapshot by Colton Orr.
12:53 of 3rd period - Stopped by Devan Dubnyk with a rebound.
12:55 of 3rd period - Snap shot by Colton Orr.
12:55 of 3rd period - Stopped by Devan Dubnyk with a rebound.
13:13 of 3rd period - Slapshot by Korbinian Holzer.
13:13 of 3rd period - Shot Misses the Net.
13:23 of 3rd period - Korbinian Holzer is hit by Josh Lunden.
13:30 of 3rd period - Penalty to Garnet Exelby is over, Garnet Exelby is back on ice.
13:45 of 3rd period - Steve Eminger is hit by Zack FitzGerald and loses puck.
14:20 of 3rd period - Slapshot by Brad Ross.
14:20 of 3rd period - Deflect By Garrett Wilson.
14:20 of 3rd period - Shot Blocked by Garrett Wilson.
14:20 of 3rd period - Puck is out of play.
14:21 of 3rd period - Mark Van Guilder wins face-off versus David Broll in Phantoms zone.
14:21 of 3rd period - Mark Van Guilder is hit by Alex Petrovic.
14:30 of 3rd period - Icing by Alex Petrovic.
14:31 of 3rd period - Mark Van Guilder wins face-off versus David Broll in Senators zone.
14:33 of 3rd period - Alex Petrovic and Zack Stortini fight to a draw.
14:33 of 3rd period - Penalty to Alex Petrovic for Fighting.
14:33 of 3rd period - Penalty to Zack Stortini for Fighting.
14:34 of 3rd period - Brad Ross wins face-off versus Jonathan Hazen in Senators zone.
14:58 of 3rd period - Slapshot by Garnet Exelby.
14:58 of 3rd period - Stopped by Cedrick Desjardins with a rebound.
15:00 of 3rd period - Slapshot by Randy Jones.
15:00 of 3rd period - Shot Misses the Net.
15:02 of 3rd period - Slapshot by Randy Jones.
15:02 of 3rd period - Shot Misses the Net.
15:22 of 3rd period - Randy Jones is hit by Greg Pateryn and loses puck.
15:37 of 3rd period - Joe Finley and Garnet Exelby fight to a draw.
15:37 of 3rd period - Penalty to Joe Finley for Fighting.
15:37 of 3rd period - Penalty to Garnet Exelby for Fighting.
15:37 of 3rd period - Garnet Exelby is ejected from game.
15:38 of 3rd period - Colton Orr wins face-off versus Adam Lowry in Phantoms zone.
15:49 of 3rd period - Wrist shot by Martin St. Pierre.
15:49 of 3rd period - Stopped by Devan Dubnyk without a rebound.
15:50 of 3rd period - Adam Lowry wins face-off versus Martin St. Pierre in Phantoms zone.
16:35 of 3rd period - Snap shot by Garrett Wilson.
16:35 of 3rd period - Shot Misses the Net.
16:37 of 3rd period - Slapshot by Jerome Gauthier-Leduc.
16:37 of 3rd period - Shot Misses the Net.
16:39 of 3rd period - Slapshot by Jerome Gauthier-Leduc.
16:39 of 3rd period - Shot Blocked by Kenny Ryan.
16:41 of 3rd period - Slapshot by Jerome Gauthier-Leduc.
16:41 of 3rd period - Stopped by Cedrick Desjardins with a rebound.
16:47 of 3rd period - Snap shot by Garrett Wilson.
16:47 of 3rd period - Stopped by Cedrick Desjardins with a rebound.
17:26 of 3rd period - Slapshot by Brad Ross.
17:26 of 3rd period - Stopped by Devan Dubnyk without a rebound.
17:27 of 3rd period - Jonathan Hazen wins face-off versus Evan Trupp in Phantoms zone.
17:36 of 3rd period - Slapshot by Greg Zanon.
17:36 of 3rd period - Stopped by Cedrick Desjardins without a rebound.
17:37 of 3rd period - Martin St. Pierre wins face-off versus Adam Lowry in Senators zone.
17:54 of 3rd period - Off-side.
17:55 of 3rd period - Martin St. Pierre wins face-off versus Adam Lowry in neutral zone.
18:35 of 3rd period - Wrist shot by Mark Van Guilder.
18:35 of 3rd period - Stopped by Cedrick Desjardins without a rebound.
18:36 of 3rd period - David Broll wins face-off versus Mark Van Guilder in Senators zone.
18:40 of 3rd period - Off-side.
18:41 of 3rd period - David Broll wins face-off versus Chris Langkow in neutral zone.
19:34 of 3rd period - Phantoms, Devan Dubnyk is pulled from the net.
19:36 of 3rd period - Snap shot by Dmitrij Jaskin.
19:36 of 3rd period - Shot Misses the Net.
19:38 of 3rd period - Wrist shot by Harri Pesonen.
19:38 of 3rd period - Shot Blocked by Martin St. Pierre.
19:42 of 3rd period - Snap shot by Adam Lowry.
19:42 of 3rd period - Shot Misses the Net.
19:44 of 3rd period - Slapshot by Adam Lowry.
19:44 of 3rd period - Shot Misses the Net.
19:46 of 3rd period - Snap shot by Dmitrij Jaskin.
19:46 of 3rd period - Shot Misses the Net.
19:48 of 3rd period - Snap shot by Harri Pesonen.
19:48 of 3rd period - Stopped by Cedrick Desjardins without a rebound.
19:49 of 3rd period - Adam Oates call a timeout for Phantoms.
19:49 of 3rd period - Martin St. Pierre wins face-off versus Adam Lowry in Senators zone.
19:49 of 3rd period - Martin St. Pierre is hit by Harri Pesonen.
Goals for this period are 0 for Phantoms vs 0 for Senators.
Shots for this period are 8 for Phantoms vs 9 for Senators.


Output by the SimonT Hockey Simulator (STHS) for Eric Dolegowski -- Original Page W3C XHTML 1.0 Valid
Hockey Simulator - Hockey Simulation - Hockey Manager